 Dungeon Crawl Stone Soup version 0.29-a0-322-g68df515428 (webtiles) character file.

Game seed: 16453105132501785664

90819 diecastcamel the Severer (level 15, 137/137 HPs)
             Began as a Minotaur Berserker on Feb 3, 2022.
             Was a High Priest of Trog.
             Quit the game on level 1 of the Spider Nest on Apr 8, 2022.
             The game lasted 03:09:05 (33798 turns).

diecastcamel the Severer (Minotaur Berserker)      Turns: 33798, Time: 03:09:06

Health: 137/137    AC: 24    Str: 25    XL:     15   Next: 53%
Magic:  14/14      EV:  8    Int:  6    God:    Trog [*****.]
Gold:   1309       SH: 21    Dex:  8    Spells: 14/14 levels left

rFire   + + .      SeeInvis .   u - +3 war axe (freeze)
rCold   + . .      Faith    .   E - +0 tower shield
rNeg    . . .      Spirit   .   o - +1 plate armour {rPois}
rPois   +          Reflect  +   (helmet restricted)
rElec   +          Harm     .   z - +2 cloak
rCorr   +          Rampage  .   q - +0 pair of gloves
Will    +....                   e - +1 pair of boots
Stlth   ..........              n - amulet of reflection
HPRegen 0.32/turn               P - ring "Keuj" {+Blink rElec rF++ rC+ Dex-4}
MPRegen 0.14/turn               F - ring of resist corrosion

@: no status effects
A: horns 2, retaliatory headbutt
a: Renounce Religion, Evoke Blink, Berserk, Trog's Hand, Brothers in Arms


You were on level 1 of the Spider Nest.
You worshipped Trog.
Trog was extremely pleased with you.
You visited 4 branches of the dungeon, and saw 21 of its levels.
You also visited: Ice Cave.

You collected 2049 gold pieces.
You spent 740 gold pieces at shops.

Inventory:

Hand Weapons
 a - the +5 morningstar of Zin's Anger {vorpal, *Noise rElec rF+ Str+4}
   (You found it on level 4 of the Lair of Beasts)

   It inflicts extra damage upon your enemies.
   Str:       It affects your strength (+4).
   rF:        It protects you from fire.
   rElec:     It insulates you from electricity.
   *Noise:    It may make noises in combat.
 u - a +3 war axe of freezing (weapon)
 w - a +2 broad axe
Missiles
 h - 22 poisoned darts
 t - 21 boomerangs (quivered)
Armour
 e - a +1 pair of boots (worn)
 o - a +1 plate armour of poison resistance (worn)
 q - a +0 pair of gloves (worn)
 z - a +2 cloak (worn)
 E - a +0 tower shield (worn)
 T - a +1 plate armour of cold resistance
Jewellery
 g - a ring of positive energy
 i - a ring of poison resistance
 n - an amulet of reflection (around neck)
 y - a ring of willpower
 F - a ring of resist corrosion (right hand)
 P - the ring "Keuj" (left hand) {+Blink rElec rF++ rC+ Dex-4}
   (You found it on level 6 of the Lair of Beasts)

   [ring of protection from cold]

   Dex:       It affects your dexterity (-4).
   rF:        It greatly protects you from fire.
   rC:        It protects you from cold.
   rElec:     It insulates you from electricity.
   +Blink:    It lets you blink.
 Q - an amulet of the acrobat
Wands
 c - a wand of mindburst (9)
 k - a wand of iceblast (1)
 s - a wand of flame (9)
 B - a wand of digging (6)
 C - a wand of paralysis (6)
 J - a wand of acid (7)
 K - a wand of polymorph (6)
 L - a wand of charming (5)
Scrolls
 f - 4 scrolls of fear
 x - 2 scrolls of blinking
 A - a scroll of enchant armour
 D - a scroll of teleportation
 I - a scroll of silence
 O - a scroll of magic mapping
 U - a scroll of enchant weapon
Potions
 d - 3 potions of mutation
 l - a potion of cancellation {unknown}
 m - 3 potions of lignification
 p - 3 potions of might
 r - 2 potions of resistance
 v - 9 potions of curing
 G - a potion of invisibility {unknown}
 H - 2 potions of flight
 M - 2 potions of heal wounds


   Skills:
 + Level 13.9 Fighting
 + Level 16.6 Axes
 + Level 13.5 Armour
 + Level 12.3 Dodging
 + Level 13.6 Shields
 - Level 10.5 Evocations


You had 14 spell levels left.
You didn't know any spells.
Your spell library was empty.

Dungeon Overview and Level Annotations

Branches:
Dungeon (12/15)            Temple (0/1) D:7            Lair (6/6) D:10
 Shoals (0/4) Lair:3       Spider (1/4) Lair:4        Slime (0/5) Lair:5
    Orc (2/2) D:9             Elf (0/3) Orc:2         IceCv (visited)

Altars:
Ashenzari
Fedhas
Gozag
Hepliaklqana
Kikubaaqudgha
Okawaru
Ru
Trog
Wu Jian
The Shining One
Beogh

Shops:
D:9 :   Orc:2 *([=

Annotations:
D:8 3 runed translucent doors, ChongLi's ghost, novice DjFE; HallandMoats's ghost, novice VSFi; fragbeetle's ghost, novice HOCA; lunkers's ghost, novice FoEE
D:10 exclusions: ice statue and obsidian statue


Innate Abilities, Weirdness & Mutations

You have a pair of horns on your head.
You reflexively headbutt those who attack you in melee.


Message History

Saving game... please wait.
Welcome back, diecastcamel the Minotaur Berserker.
Trog says: Kill them all!
Press ? for a list of commands and other information.
Saving game... please wait.
Welcome back, diecastcamel the Minotaur Berserker.
Trog says: Kill them all!
Press ? for a list of commands and other information.
Welcome back, diecastcamel the Minotaur Berserker.
Trog says: Kill them all!
Press ? for a list of commands and other information.
Items here: )) [[.
Things that are here:
a +0 leather armour; a +0 hand axe Welcome back, diecastcamel the Minotaur Berserker.
Trog says: Kill them all!
Press ? for a list of commands and other information.
Are you sure you want to abandon this character and quit the game? (Confirm with "yes".)

## ##.# ..
##...#### ...
##........ ...
#......... ..#
#.........
#.####[@.......
###..#..#........
#......###.......
##.......##....>..
##.....## #......
#.#.....## #...^.
.. ##.....## ...#
#. ###....##.### #
###.)..##


There were no monsters in sight!

Vanquished Creatures
  A frost giant (D:11)
  An orc warlord (Orc:2)
  10 hydras
  A boulder beetle (Orc:1)
  Harold (D:11)
  2 ice dragons
  An anaconda (shapeshifter) (D:11)
  A catoblepas (Lair:6)
  A centaur warrior (D:11)
  3 two-headed ogres
  5 death yaks (Lair:5)
  Urug (Orc:2)
  4 orc high priests
  4 skeletal warriors (D:12)
  A deep troll (D:11)
  3 lindwurms
  3 wolf spiders (Spider:1)
  5 oklob plants
  Pikel (D:8)
  A deep elf pyromancer (D:11)
  2 orc knights
  3 orc sorcerers
  An ugly thing (D:12)
  3 manticores
  A black mamba (Lair:3)
  3 cyclopes
  A cyclops (shapeshifter) (D:11)
  2 merfolk sirens (Lair:3)
  2 torpor snails
  13 cane toads
  23 elephants
  2 ice statues (IceCv)
  6 rime drakes
  A kobold demonologist (D:11)
  7 komodo dragons
  4 polar bears
  4 meliai
  7 trolls
  2 merfolk (Lair:3)
  16 blink frogs
  9 slime creatures
  5 hornets
  2 tarantellas (Spider:1)
  A tarantella (shapeshifter) (D:11)
  6 dream sheep
  2 culicivoras (Spider:1)
  4 water elementals (D:12)
  12 spriggans (Lair:6)
  2 vampires
  3 wraiths
  A jumping spider (Spider:1)
  7 wyverns
  2 basilisks
  39 yaks
  2 humans (D:9)
  A steam dragon (Lair:4)
  3 redbacks (Spider:1)
  11 wargs
  6 vampire mosquitoes
  11 water moccasins
  3 acid dragons (D:12)
  Duvessa (D:7)
  A sky beast (D:5)
  A hornet zombie (D:5)
  6 black bears
  3 ice beasts
  38 orc warriors
  12 ogres
  40 wolves
  4 centaurs
  5 boggarts
  3 necrophages
  A kobold brigand (D:9)
  A wyvern zombie (D:8)
  5 bullfrogs
  2 gnoll sergeants
  2 scorpions
  2 water moccasin skeletons
  Dowan (D:7)
  4 killer bees (Lair:4)
  5 lindwurm simulacra (IceCv)
  14 wights
  2 electric eels
  A howler monkey (D:6)
  6 centaur zombies
  A komodo dragon simulacrum (IceCv)
  14 orc priests
  A jelly (D:5)
  A gnoll shaman (Orc:1)
  13 hounds
  A bullfrog skeleton (D:5)
  An iguana (D:5)
  29 orc wizards
  5 hell rats (Lair:6)
  2 hound skeletons
  12 gnolls
  9 acid dragon simulacra (IceCv)
  5 adders
  A shadow imp (D:6)
  13 white imps
  6 steam dragon simulacra (IceCv)
  An ufetubus (D:6)
  An adder skeleton (D:5)
  An adder zombie (D:5)
  A worm (D:5)
  4 dart slugs
  70 orcs
  7 endoplasms
  A giant cockroach (D:2)
  3 goblins
  7 hobgoblins
  9 kobolds
  3 quokkas
  3 ball pythons
  10 bats
  4 frilled lizards
  6 rats
  A spectral orc (D:8)
691 creatures vanquished.

Vanquished Creatures (others)
  A white imp (D:12)
  50 fungi
  77 plants
  2 withered plants (D:8)
130 creatures vanquished.

Grand Total: 821 creatures vanquished

Notes
Turn   | Place    | Note
-------+----------+-------------------------------------------
     0 | D:1      | diecastcamel the Minotaur Berserker began the quest for the
                  | Orb.
     0 | D:1      | Reached XP level 1. HP: 19/19 MP: 0/0
   340 | D:1      | Reached XP level 2. HP: 27/27 MP: 1/1
   403 | D:1      | You fall into a shaft and drop 1 floor!
   576 | D:2      | Reached skill level 4 in Axes
   638 | D:2      | Reached XP level 3. HP: 32/33 MP: 2/2
  1330 | D:2      | Found a faded altar of an unknown god.
  1380 | D:2      | Reached ** piety under Trog
  2103 | D:3      | Reached XP level 4. HP: 40/40 MP: 3/3
  2293 | D:3      | Found a broken altar of Ashenzari.
  2422 | D:3      | Reached skill level 8 in Axes
  2422 | D:3      | Reached XP level 5. HP: 53/53 MP: 4/4
  2423 | D:3      | Upgraded the game from 0.29-a0-72-g1732ff48e7 to
                  | 0.29-a0-82-g837932c90e
  3043 | D:4      | Noticed a black bear
  3184 | D:4      | Killed a black bear
  3185 | D:4      | Reached XP level 6. HP: 58/61 MP: 5/5
  3348 | D:4      | Identified the +4 dagger of the Lost Invaders {venom, rF++
                  | Int+4 Dex+3}
  3610 | D:5      | Entered Level 5 of the Dungeon
  3744 | D:5      | Reached XP level 7. HP: 24/69 MP: 6/6
  4072 | D:5      | Reached skill level 1 in Evocations
  4232 | D:5      | Reached *** piety under Trog
  4367 | D:5      | Noticed a wraith
  4485 | D:4      | Killed a wraith
  4486 | D:4      | Reached XP level 8. HP: 69/75 MP: 7/7
  5021 | D:5      | Reached skill level 5 in Evocations
  5552 | D:6      | Identified the +3 short sword of Bankruptcy {flame, rC+}
  5800 | D:6      | Reached XP level 9. HP: 83/83 MP: 8/8
  5880 | D:6      | Found an ornate altar of the Wu Jian Council.
  6956 | D:7      | Found an ancient bone altar of Kikubaaqudgha.
  7124 | D:7      | Noticed Dowan
  7125 | D:7      | Noticed Duvessa
  7129 | D:7      | Killed Duvessa
  7136 | D:7      | Killed Dowan
  7211 | D:7      | Found an opulent altar of Gozag.
  7282 | D:7      | Found a bloodstained altar of Trog.
  7470 | D:7      | Found a staircase to the Ecumenical Temple.
  7597 | D:7      | Reached skill level 9 in Axes
  7615 | D:8      | Identified the +3 scale mail of Misanthropy {Harm rElec
                  | rPois rC-}
  7656 | D:8      | Reached **** piety under Trog
  7719 | D:8      | Found a hazy altar of Hepliaklqana.
  8013 | D:8      | Noticed Pikel
  8022 | D:8      | Killed Pikel
  8023 | D:8      | Reached skill level 10 in Axes
  8023 | D:8      | Reached XP level 10. HP: 91/91 MP: 9/9
  8030 | D:8      | Reached skill level 11 in Axes
  8117 | D:8      | Found a runed translucent gate.
  8117 | D:8      | Noticed lunkers's ghost (novice FoEE)
  8118 | D:8      | Found a runed translucent gate.
  8150 | D:8      | Found a runed translucent gate.
  8150 | D:8      | Noticed ChongLi's ghost (novice DjFE)
  8150 | D:8      | Noticed HallandMoats's ghost (novice VSFi)
  8150 | D:8      | Noticed fragbeetle's ghost (novice HOCA)
  9178 | D:9      | Found an iron altar of Okawaru.
  9307 | D:9      | Found Cewa's Book Shoppe.
  9338 | D:9      | Reached ***** piety under Trog
  9354 | D:9      | Reached skill level 12 in Axes
  9641 | D:9      | Found a staircase to the Orcish Mines.
  9778 | D:9      | Reached skill level 13 in Axes
 10384 | D:10     | Entered Level 10 of the Dungeon
 10503 | D:10     | Found a glowing golden altar of the Shining One.
 10635 | D:10     | Reached skill level 14 in Axes
 10635 | D:10     | Reached XP level 11. HP: 57/97 MP: 10/10
 10985 | D:10     | Found a staircase to the Lair.
 11266 | D:10     | Reached skill level 10 in Fighting
 11376 | D:10     | Found a sacrificial altar of Ru.
 11376 | D:10     | Found a blossoming altar of Fedhas.
 11460 | D:10     | Noticed an obsidian statue
 11687 | D:10     | Noticed a two-headed ogre
 11698 | D:10     | Killed a two-headed ogre
 12016 | D:11     | Noticed an eight-headed hydra
 12214 | D:11     | Killed an eight-headed hydra
 12215 | D:11     | Reached skill level 10 in Armour
 12571 | D:11     | Noticed a deep elf pyromancer
 12574 | D:11     | Killed a deep elf pyromancer
 12576 | D:11     | Noticed a deep troll
 12578 | D:11     | Killed a deep troll
 12729 | D:11     | Noticed Harold
 12741 | D:11     | Killed Harold
 12933 | D:11     | Received a gift from Trog
 12979 | D:11     | Noticed a frost giant
 12989 | D:11     | Killed a frost giant
 12995 | D:11     | Reached XP level 12. HP: 92/110 MP: 11/11
 13271 | D:11     | Reached skill level 1 in Shields
 13435 | D:11     | Noticed an ice dragon
 13636 | Lair:1   | Entered Level 1 of the Lair of Beasts
 13700 | Lair:1   | Reached skill level 5 in Shields
 13767 | Lair:1   | Noticed a seven-headed hydra
 13793 | D:10     | Killed a seven-headed hydra
 14228 | Lair:1   | Noticed a four-headed hydra
 14237 | Lair:1   | Killed a four-headed hydra
 14442 | Lair:1   | Noticed a six-headed hydra
 14473 | Lair:1   | Killed a six-headed hydra
 14888 | Lair:1   | Identified the +4 quarterstaff "Beetlebane" {flame, +Blink
                  | rCorr Str+5 Int-2}
 14973 | Lair:1   | Identified the +3 leather armour of Cagg {rElec rPois
                  | Dex+3}
 15261 | Lair:2   | Reached skill level 10 in Shields
 15497 | Lair:2   | Noticed a four-headed hydra
 15528 | Lair:2   | Killed a four-headed hydra
 15529 | Lair:2   | Reached skill level 10 in Dodging
 16700 | Lair:3   | Reached XP level 13. HP: 111/116 MP: 12/12
 17477 | Lair:3   | Found a staircase to the Shoals.
 19526 | Lair:4   | Found a hole to the Spider Nest.
 19556 | Lair:4   | Reached skill level 10 in Evocations
 19897 | Lair:4   | Received a gift from Trog
 20535 | Lair:4   | Identified the +5 morningstar of Zin's Anger {vorpal,
                  | *Noise rElec rF+ Str+4}
 21330 | Lair:5   | Found a staircase to the Slime Pits.
 22044 | Lair:6   | Entered Level 6 of the Lair of Beasts
 22091 | Lair:6   | Reached skill level 15 in Axes
 22363 | Lair:6   | Reached XP level 14. HP: 125/125 MP: 13/13
 23585 | Lair:6   | Identified the ring "Keuj" {+Blink rElec rF++ rC+ Dex-4}
 24668 | Lair:6   | Reached ****** piety under Trog
 25031 | Lair:6   | Received a gift from Trog
 27104 | D:12     | Found a frozen archway.
 27119 | IceCv    | Entered an ice cave
 27783 | IceCv    | Reached skill level 16 in Axes
 27909 | IceCv    | Identified the ring of Cyisches {rC+ MP-9 Str+3}
 28783 | D:12     | Reached XP level 15. HP: 112/136 MP: 14/14
 30174 | Orc:1    | Entered Level 1 of the Orcish Mines
 30883 | Orc:2    | Entered Level 2 of the Orcish Mines
 31308 | Orc:1    | Received a gift from Trog
 31605 | Orc:2    | Noticed Urug
 31616 | Orc:2    | Killed Urug
 31693 | Orc:2    | Noticed an orc warlord
 31725 | Orc:2    | Killed an orc warlord
 32026 | Orc:2    | Found Ystugg's Antique Armour Emporium.
 32055 | Orc:2    | Found Lauxi's Jewellery Emporium.
 32072 | Orc:2    | Found Viniat's General Store.
 32089 | Orc:2    | Found Tieffei's Antique Weapon Emporium.
 32176 | Orc:2    | Found a staircase to the Elven Halls.
 33004 | Orc:2    | Bought a runed plate armour for 572 gold pieces
 33020 | Orc:2    | Bought a scroll of enchant weapon for 120 gold pieces
 33020 | Orc:2    | Bought a potion of curing for 48 gold pieces
 33250 | Spider:1 | Entered Level 1 of the Spider Nest
 33638 | Spider:1 | Identified the +7 rapier "Ajuubeni" {vorpal, rC- MP+9
                  | Str+3}
 33796 | Spider:1 | Upgraded the game from 0.29-a0-82-g837932c90e to
                  | 0.29-a0-106-g0a07039d5a
 33796 | Spider:1 | Upgraded the game from 0.29-a0-106-g0a07039d5a to
                  | 0.29-a0-113-g078de9bc30
 33796 | Spider:1 | Upgraded the game from 0.29-a0-113-g078de9bc30 to
                  | 0.29-a0-233-g1125b37a9b
 33796 | Spider:1 | Upgraded the game from 0.29-a0-233-g1125b37a9b to
                  | 0.29-a0-243-g602b31c20e
 33796 | Spider:1 | Upgraded the game from 0.29-a0-243-g602b31c20e to
                  | 0.29-a0-322-g68df515428
 33798 | Spider:1 | Quit the game

Illustrated notes

Levels and vault maps discovered:
D:1:      elethiomel_arrival_quiet, layout_basic
D:2:      layout_loops_ring, shapermc_ecumenical_altar_mp_ritualfount
D:3:      layout_loops_corners, nicolae_ashenzari_skybound, chequers_mini_garden
D:4:      layout_cave_pools
D:5:      minmay_inner_zag, layout_cave_pools, kennysheep_diamond, minmay_bent
D:6:      layout_loops_cross, nicolae_overflow_hidden_temple,
          nicolae_concentric_dashed_squares_mild, minmay_misc_feat_secret_circle
D:7:      layout_rooms, mainiacjoe_overflow_chevrons,
          mainiacjoe_overflow_brackets, marbit_many_paths, temple_hall,
          uniq_duvessa
D:8:      layout_basic, nicolae_hepliaklqana_monster_ancestors,
          gammafunk_ghost_cemetery, uniq_pikel
D:9:      layout_irregular_city, okawaru_humans, erik_orc_2, serial_shops, shop
D:10:     minmay_separated_statues, layout_loops_corners, old_standard_altar,
          chequers_temple_overflow_statue_of_worship, erik_lair_island
D:11:     minmay_chopped_fan, layout_gridville, grunt_decor_fettered,
          uniq_harold
D:12:     layout_basic, portal_ice_cave_entry_imps, minmay_increasing_density
Lair:1:   layout_concentric_octagons
Lair:2:   layout_chaotic_city, grunt_megastairs_4, infiniplex_staircase_pool_2
Lair:3:   layout_gridlike, elwin_shoals_entry_stream, beast_lair_carwin_10
Lair:4:   minmay_lair_oklob_tunnel, layout_hall_layers,
          hellmonk_spider_entry_not_the_bees, grunt_megastairs_1,
          serial_bayou_shore_b
Lair:5:   layout_regular_city, dpeg_slime_entry_corner
Lair:6:   minmay_lair_end_enchanted_forest, layout_hall_layers,
          minmay_lair_oklob_items, minivault_19
Spider:1: layout_chambers
Orc:1:    layout_caves, rock_pile
Orc:2:    grunt_orc_cross, layout_caves, mines5_lemuel

Skill      XL: |  1  2  3  4  5  6  7  8  9 10 11 12 13 14 15 |
---------------+----------------------------------------------+-----
Fighting       | 4 8 9 11 13 | 13.9
Axes           | 4 8 10 14 15 16 | 16.6
Armour         | 3 7 8 10 11 12 13 | 13.5
Dodging        | 3 6 7 8 9 10 11 12 | 12.3
Evocations     | 3 5 6 10 | 10.5
Shields        | 10 11 12 13 | 13.6

Action                   |  1- 3 |  4- 6 |  7- 9 | 10-12 | 13-15 || total
-------------------------+-------+-------+-------+-------+-------++-------
Melee: Whip              |    78 |    35 |     8 |       |       ||   121
       Hand axe          |     2 |       |       |       |       ||     2
       Headbutt          |     9 |    12 |    65 |    85 |   325 ||   496
       Dagger            |       |    31 |   187 |       |       ||   218
       Punch             |       |       |     1 |       |       ||     1
       Battleaxe         |       |       |    88 |   249 |       ||   337
       Flail             |       |       |       |    28 |     5 ||    33
       War axe           |       |       |       |   164 |  1355 ||  1519
       Morningstar       |       |       |       |       |    43 ||    43
       Mace              |       |       |       |       |    11 ||    11
Throw: Dart              |       |       |     3 |     3 |     3 ||     9
       Boomerang         |       |       |       |       |     8 ||     8
Invok: Berserk           |       |       |     3 |     4 |    13 ||    20
       Trog's Hand       |       |       |     4 |     6 |     8 ||    18
Evoke: Wand              |       |       |     1 |    22 |     8 ||    31
  Use: Scroll            |     2 |     7 |     5 |    10 |     6 ||    30
       Potion            |       |     1 |     1 |     1 |     2 ||     5
 Stab: Distracted        |       |       |       |       |     1 ||     1
       Petrified         |       |       |       |       |     1 ||     1
Armor: Ring mail         |    27 |    19 |    24 |       |       ||    70
       Chain mail        |       |       |    70 |    13 |       ||    83
       Plate armour      |       |       |       |   301 |   496 ||   797
Dodge: Dodged            |    47 |    35 |   141 |   171 |   257 ||   651
Block: Tower shield      |       |       |       |   180 |  1073 ||  1253
       Reflection        |       |       |       |       |    21 ||    21

Table legend: (Time is in decaauts)
 A = Elapsed time spent in this place.
 B = Non-inter-level travel time spent in this place.
 C = Inter-level travel time spent in this place.
 D = Time resting spent in this place.
 E = Time spent auto-exploring this place.
 F = Levels seen in this place.
 G = Mean time per level.
                   A        B        C        D        E       F      G
               +--------+--------+--------+--------+--------+-----+--------+
         Total |  34081 |  31535 |   2546 |  13147 |  11248 |  22 | 1549.1 |
       Dungeon |  17351 |  15796 |   1555 |   6088 |   6416 |  12 | 1445.9 |
          Lair |  12171 |  11473 |    698 |   5360 |   3670 |   6 | 2028.5 |
   Spider Nest |    541 |    534 |      7 |    294 |    130 |   1 |  541.0 |
  Orcish Mines |   2930 |   2645 |    285 |   1033 |    811 |   2 | 1465.0 |
      Ice Cave |   1086 |   1086 |      0 |    372 |    220 |   1 | 1086.0 |
               +--------+--------+--------+--------+--------+-----+--------+

Top non-repeatable levels by time:
  Lair:6: 3412 daAuts
    D:10: 2411 daAuts
    D:12: 2274 daAuts
  Lair:4: 2155 daAuts
    D:11: 2108 daAuts
  Lair:2: 1813 daAuts
  Lair:3: 1762 daAuts
  Lair:5: 1718 daAuts
   Orc:1: 1603 daAuts
     D:5: 1545 daAuts
     D:9: 1527 daAuts
     D:8: 1387 daAuts
     D:7: 1383 daAuts
   Orc:2: 1327 daAuts
  Lair:1: 1308 daAuts
